[ AOE2 MATCH · #480778357 ]
UnrankedPortuguese vs Bulgarians
[ REPLAY ANALYSIS · EXTRACTED FROM THE RECORDED GAME ]
Feudal
17:10
Castle
35:27
Imperial
44:28
| APM avg | 14.1 |
| APM peak | 62 |
| eAPM avg | 12.8 |
| Villagers / military | 169 / 144 |
Focus
⚔️ 34.6% · 🌾 65.4%
Organ Gun ×96 · Trade Cart ×40 · Knight ×24 · Bombard Cannon ×24
Feudal
19:59
Castle
26:40
Imperial
38:46
| APM avg | 16.1 |
| APM peak | 50 |
| eAPM avg | 12.9 |
| Villagers / military | 107 / 343 |
Focus
⚔️ 53.9% · 🌾 46.1%
Scout Cavalry ×181 · Konnik ×154 · Militia ×4 · Trade Cart ×4 · Trebuchet (Packed) ×4
Feudal
13:27
Castle
20:48
Imperial
36:30
| APM avg | 15.8 |
| APM peak | 43 |
| eAPM avg | 11.2 |
| Villagers / military | 113 / 375 |
Focus
⚔️ 32.5% · 🌾 67.5%
Chu Ko Nu ×146 · Fire Lancer ×116 · Spearman ×91 · Trade Cart ×16 · Iron Pagoda ×7 · Militia ×6
Feudal
—
Castle
—
Imperial
—
| APM avg | 41.8 |
| APM peak | 180 |
| eAPM avg | 40.3 |
| Villagers / military | 85 / 338 |
Focus
⚔️ 17.5% · 🌾 82.5%
Spearman ×179 · Longbowman ×149 · Trade Cart ×53 · Militia ×8 · Monk ×2
Feudal
19:00
Castle
28:41
Imperial
43:54
| APM avg | 10.9 |
| APM peak | 32 |
| eAPM avg | 8.5 |
| Villagers / military | 171 / 247 |
Focus
⚔️ 36.0% · 🌾 64.0%
Ballista Elephant ×135 · Trade Cart ×56 · Militia ×49 · Spearman ×36 · Battle Elephant ×26 · Monk ×1
Feudal
15:24
Castle
31:37
Imperial
44:59
| APM avg | 9.2 |
| APM peak | 32 |
| eAPM avg | 7.5 |
| Villagers / military | 80 / 113 |
Focus
⚔️ 38.4% · 🌾 61.6%
Skirmisher ×61 · Battle Elephant ×17 · Militia ×15 · Rattan Archer ×8 · Knight ×4 · Fishing Ship ×4
Feudal
15:51
Castle
26:50
Imperial
44:52
| APM avg | 35.4 |
| APM peak | 87 |
| eAPM avg | 17.9 |
| Villagers / military | 102 / 251 |
Focus
⚔️ 27.0% · 🌾 73.0%
Huskarl ×170 · Trade Cart ×29 · Skirmisher ×25 · Militia ×21 · Spearman ×15 · Scout Cavalry ×10
Feudal
11:46
Castle
30:48
Imperial
47:26
| APM avg | 14.3 |
| APM peak | 40 |
| eAPM avg | 10.2 |
| Villagers / military | 83 / 182 |
Focus
⚔️ 39.0% · 🌾 61.0%
Militia ×106 · Skirmisher ×28 · Plumed Archer ×28 · Archer ×19 · Trade Cart ×11 · Monk ×1
Match map
Initial resources + every placement click. Lines = walls · curves = elevation contours. ◆ gold · ⬟ stone · ● berries · ✦ relic · ◌ wall gap
Your base· ✓ Closed at 35:27 · 155t walls · 6 gate(s)
GULF's base· ✓ Closed at 26:40 · 0t walls · no gate
Achilles's base· ✓ Closed at 20:48 · 0t walls · no gate
LL KID CASH LL's base· ✓ Closed at 31:56 · 63t walls · 4 gate(s)
jungberg's base· ✓ Closed at 28:41 · 112t walls · 2 gate(s)
def4bensemana's base· ✓ Closed at 31:37 · 86t walls · 1 gate(s)
NavyBlue's base· ✓ Closed at 26:50 · 20t walls · 2 gate(s)
nes;*'s base· ✓ Closed at 30:48 · 16t walls · no gate
Smoothed initial terrain · ◌ = detected wall gap · hover for details
Inputs per minute
— aamerhussain.hr - - GULF
Build order — aamerhussain.hr
First 150 of 543 actions detected
| 0:04 | Research | Loom |
| 0:05 | Create | Villager (Male) |
| 0:05 | Create | Villager (Male) |
| 0:06 | Create | Villager (Male) |
| 0:06 | Create | Villager (Male) |
| 0:06 | Create | Villager (Male) |
| 0:12 | Build | House |
| 0:14 | Build | House |
| 1:45 | Build | Palisade Wall |
| 3:07 | Build | Palisade Wall |
| 3:49 | Create | Villager (Male) |
| 3:51 | Create | Villager (Male) |
| 4:57 | Create | Villager (Male) |
| 4:57 | Create | Villager (Male) |
| 5:28 | Build | Mill |
| 5:37 | Create | Villager (Male) |
| 6:09 | Create | Villager (Male) |
| 6:09 | Create | Villager (Male) |
| 6:39 | Create | Villager (Male) |
| 7:41 | Create | Villager (Male) |
| 7:42 | Create | Villager (Male) |
| 7:42 | Create | Villager (Male) |
| 7:42 | Create | Villager (Male) |
| 7:42 | Create | Villager (Male) |
| 8:41 | Build | House |
| 9:38 | Build | House |
| 10:26 | Create | Villager (Male) |
| 10:26 | Create | Villager (Male) |
| 10:26 | Create | Villager (Male) |
| 11:11 | Create | Villager (Male) |
| 11:12 | Create | Villager (Male) |
| 11:30 | Build | Palisade Wall |
| 11:53 | Create | Villager (Male) |
| 13:05 | Build | Lumber Camp |
| 13:24 | Build | Lumber Camp |
| 14:10 | Create | Villager (Male) |
| 14:10 | Create | Villager (Male) |
| 14:51 | Research | Feudal Age |
| 15:05 | Build | Mining Camp |
| 15:53 | Build | House |
| 16:00 | Build | House |
| 16:16 | Build | House |
| 16:17 | Build | House |
| 16:20 | Build | House |
| 16:22 | Build | House |
| 16:39 | Build | House |
| 16:43 | Build | House |
| 17:10 | Age | Feudal Age |
| 17:14 | Build | Mill |
| 17:17 | Research | Town Watch |
| 17:19 | Create | Villager (Male) |
| 17:20 | Create | Villager (Male) |
| 17:38 | Research | Horse Collar |
| 17:43 | Create | Villager (Male) |
| 17:43 | Create | Villager (Male) |
| 17:43 | Create | Villager (Male) |
| 17:44 | Create | Villager (Male) |
| 17:44 | Create | Villager (Male) |
| 17:44 | Create | Villager (Male) |
| 17:44 | Create | Villager (Male) |
| 17:45 | Create | Villager (Male) |
| 18:03 | Build | Stone Wall |
| 18:07 | Build | Gate |
| 18:17 | Build | Stone Wall |
| 18:22 | Build | Gate |
| 18:31 | Build | Stone Wall |
| 18:36 | Build | Gate |
| 18:50 | Build | Stone Wall |
| 18:56 | Build | Gate |
| 19:35 | Build | Mining Camp |
| 20:54 | Build | Market |
| 21:30 | Build | Farm |
| 21:32 | Build | Farm |
| 21:34 | Build | Farm |
| 21:37 | Build | Farm |
| 21:39 | Build | Farm |
| 21:46 | Build | Mill |
| 21:50 | Build | Farm |
| 21:51 | Build | Farm |
| 21:55 | Build | Farm |
| 22:01 | Create | Villager (Male) |
| 22:01 | Create | Villager (Male) |
| 22:01 | Create | Villager (Male) |
| 22:01 | Create | Villager (Male) |
| 22:01 | Create | Villager (Male) |
| 22:02 | Create | Villager (Male) |
| 22:02 | Create | Villager (Male) |
| 22:02 | Create | Villager (Male) |
| 22:48 | Build | Farm |
| 22:56 | Build | Mill |
| 23:00 | Build | Farm |
| 23:04 | Build | Farm |
| 23:06 | Build | Farm |
| 23:08 | Build | Farm |
| 23:13 | Build | Farm |
| 23:21 | Build | Farm |
| 23:24 | Build | Farm |
| 23:32 | Build | Mill |
| 23:45 | Build | Farm |
| 23:50 | Build | Farm |
| 23:53 | Build | Farm |
| 23:55 | Build | Farm |
| 24:02 | Create | Villager (Male) |
| 24:03 | Create | Villager (Male) |
| 24:45 | Create | Villager (Male) |
| 24:45 | Create | Villager (Male) |
| 24:45 | Create | Villager (Male) |
| 24:45 | Create | Villager (Male) |
| 25:17 | Create | Villager (Male) |
| 25:17 | Create | Villager (Male) |
| 25:17 | Create | Villager (Male) |
| 25:17 | Create | Villager (Male) |
| 25:36 | Build | Farm |
| 25:38 | Build | Farm |
| 25:47 | Build | Farm |
| 25:49 | Build | Farm |
| 25:53 | Build | Farm |
| 25:58 | Build | Farm |
| 26:00 | Build | Farm |
| 26:04 | Build | Farm |
| 26:10 | Create | Villager (Male) |
| 26:10 | Create | Villager (Male) |
| 26:11 | Create | Villager (Male) |
| 26:11 | Create | Villager (Male) |
| 26:11 | Create | Villager (Male) |
| 26:11 | Create | Villager (Male) |
| 26:12 | Create | Villager (Male) |
| 26:54 | Build | Stone Wall |
| 27:08 | Build | Stone Wall |
| 27:19 | Build | Gate |
| 27:32 | Create | Villager (Male) |
| 27:33 | Create | Villager (Male) |
| 27:33 | Create | Villager (Male) |
| 27:33 | Create | Villager (Male) |
| 28:08 | Build | Barracks |
| 29:22 | Build | Stone Wall |
| 30:39 | Build | House |
| 30:50 | Build | Stone Wall |
| 30:55 | Build | Gate |
| 31:12 | Build | House |
| 31:18 | Build | Stable |
| 32:19 | Create | Villager (Male) |
| 32:41 | Build | Mining Camp |
| 32:47 | Research | Castle Age |
| 33:17 | Build | House |
| 33:22 | Build | House |
| 33:28 | Build | House |
| 33:29 | Build | House |
| 33:33 | Build | House |
| 33:35 | Build | House |
Build order — GULF
First 150 of 630 actions detected
| 0:03 | Build | House |
| 0:05 | Build | House |
| 0:06 | Create | Villager (Male) |
| 0:06 | Create | Villager (Male) |
| 0:06 | Create | Villager (Male) |
| 0:07 | Create | Villager (Male) |
| 2:03 | Create | Villager (Male) |
| 3:08 | Build | Mining Camp |
| 3:16 | Create | Villager (Male) |
| 3:17 | Create | Villager (Male) |
| 3:17 | Create | Villager (Male) |
| 4:51 | Create | Villager (Male) |
| 4:52 | Create | Villager (Male) |
| 4:52 | Create | Villager (Male) |
| 4:52 | Create | Villager (Male) |
| 5:05 | Build | House |
| 5:07 | Build | House |
| 5:09 | Create | Villager (Male) |
| 5:44 | Create | Villager (Male) |
| 5:44 | Create | Villager (Male) |
| 6:39 | Build | House |
| 6:41 | Create | Villager (Male) |
| 6:41 | Create | Villager (Male) |
| 7:56 | Build | House |
| 7:57 | Build | House |
| 8:26 | Create | Villager (Male) |
| 8:26 | Create | Villager (Male) |
| 8:27 | Create | Villager (Male) |
| 9:03 | Build | Lumber Camp |
| 9:06 | Create | Villager (Male) |
| 9:32 | Build | House |
| 9:34 | Build | House |
| 10:06 | Create | Villager (Male) |
| 10:54 | Build | Mill |
| 11:03 | Build | House |
| 11:05 | Build | House |
| 11:09 | Create | Villager (Male) |
| 11:09 | Create | Villager (Male) |
| 11:09 | Create | Villager (Male) |
| 11:10 | Create | Villager (Male) |
| 11:12 | Create | Villager (Male) |
| 12:09 | Build | House |
| 12:11 | Build | House |
| 12:13 | Build | House |
| 12:23 | Build | Mill |
| 13:03 | Create | Villager (Male) |
| 13:04 | Create | Villager (Male) |
| 13:04 | Create | Villager (Male) |
| 13:05 | Create | Villager (Male) |
| 13:17 | Create | Villager (Male) |
| 13:18 | Create | Villager (Male) |
| 13:18 | Create | Villager (Male) |
| 13:18 | Create | Villager (Male) |
| 13:55 | Build | House |
| 13:57 | Build | House |
| 14:03 | Create | Villager (Male) |
| 14:45 | Build | Mill |
| 14:53 | Create | Villager (Male) |
| 14:54 | Create | Villager (Male) |
| 15:10 | Build | House |
| 15:12 | Build | House |
| 15:14 | Build | House |
| 15:18 | Create | Villager (Male) |
| 15:19 | Create | Villager (Male) |
| 16:09 | Create | Villager (Male) |
| 16:52 | Build | Barracks |
| 17:03 | Build | House |
| 17:04 | Build | House |
| 17:06 | Build | House |
| 17:22 | Research | Feudal Age |
| 17:44 | Create | Militia |
| 17:45 | Create | Militia |
| 17:45 | Create | Militia |
| 17:51 | Create | Militia |
| 18:52 | Build | House |
| 18:55 | Build | House |
| 18:56 | Build | House |
| 19:47 | Build | Farm |
| 19:52 | Build | Farm |
| 19:53 | Build | Farm |
| 19:55 | Build | Farm |
| 19:56 | Build | Farm |
| 19:57 | Build | Farm |
| 19:58 | Build | Farm |
| 19:59 | Age | Feudal Age |
| 19:59 | Build | Farm |
| 20:02 | Build | Farm |
| 20:03 | Build | Farm |
| 20:27 | Build | Stable |
| 20:28 | Build | Stable |
| 20:33 | Create | Villager (Male) |
| 20:33 | Create | Villager (Male) |
| 20:33 | Create | Villager (Male) |
| 20:33 | Create | Villager (Male) |
| 20:38 | Build | Farm |
| 20:45 | Build | Farm |
| 21:26 | Build | Market |
| 21:29 | Build | Farm |
| 21:31 | Build | Farm |
| 21:37 | Build | Farm |
| 21:41 | Build | House |
| 21:49 | Create | Scout Cavalry |
| 21:49 | Create | Scout Cavalry |
| 21:50 | Create | Scout Cavalry |
| 21:50 | Create | Scout Cavalry |
| 21:50 | Create | Scout Cavalry |
| 21:51 | Create | Scout Cavalry |
| 21:56 | Build | Farm |
| 22:07 | Build | Mining Camp |
| 22:11 | Build | Farm |
| 22:12 | Research | Horse Collar |
| 22:21 | Build | Blacksmith |
| 22:30 | Research | Arson |
| 22:35 | Build | Farm |
| 22:39 | Build | Farm |
| 22:42 | Build | House |
| 22:47 | Build | Farm |
| 22:52 | Research | Double-Bit Axe |
| 23:53 | Build | House |
| 24:00 | Research | Castle Age |
| 24:19 | Create | Scout Cavalry |
| 24:21 | Create | Scout Cavalry |
| 25:18 | Build | House |
| 25:20 | Build | House |
| 26:35 | Build | House |
| 26:36 | Build | House |
| 26:37 | Build | House |
| 26:40 | Age | Castle Age |
| 26:44 | Create | Villager (Male) |
| 26:44 | Create | Villager (Male) |
| 26:45 | Create | Villager (Male) |
| 26:45 | Create | Villager (Male) |
| 26:46 | Create | Villager (Male) |
| 26:51 | Build | Town Center |
| 27:00 | Build | Town Center |
| 27:19 | Build | Town Center |
| 27:33 | Create | Villager (Male) |
| 27:33 | Create | Villager (Male) |
| 27:47 | Research | Light Cavalry (upgrade) |
| 27:48 | Research | Bloodlines |
| 27:49 | Research | Husbandry |
| 27:54 | Create | Scout Cavalry |
| 27:54 | Create | Scout Cavalry |
| 27:55 | Create | Scout Cavalry |
| 27:55 | Create | Scout Cavalry |
| 27:55 | Create | Scout Cavalry |
| 27:55 | Create | Scout Cavalry |
| 27:56 | Create | Scout Cavalry |
| 28:21 | Create | Villager (Male) |
| 28:21 | Create | Villager (Male) |
Build order — Achilles
First 150 of 419 actions detected
| 1:03 | Create | Villager (Male) |
| 1:54 | Create | Villager (Male) |
| 2:01 | Build | Lumber Camp |
| 2:07 | Create | Villager (Male) |
| 2:46 | Create | Villager (Male) |
| 2:46 | Create | Villager (Male) |
| 3:18 | Create | Villager (Male) |
| 3:45 | Build | Mill |
| 3:50 | Create | Villager (Male) |
| 4:07 | Create | Villager (Male) |
| 4:48 | Create | Villager (Male) |
| 5:05 | Build | House |
| 5:12 | Build | House |
| 5:45 | Create | Villager (Male) |
| 5:46 | Create | Villager (Male) |
| 5:46 | Create | Villager (Male) |
| 5:47 | Create | Villager (Male) |
| 6:32 | Create | Villager (Male) |
| 6:35 | Create | Villager (Male) |
| 7:12 | Build | Barracks |
| 7:46 | Create | Villager (Male) |
| 8:07 | Create | Villager (Male) |
| 8:08 | Create | Villager (Male) |
| 8:58 | Build | Lumber Camp |
| 9:07 | Build | Mining Camp |
| 9:41 | Create | Villager (Male) |
| 9:41 | Create | Villager (Male) |
| 9:44 | Build | House |
| 9:50 | Build | Mining Camp |
| 10:02 | Create | Militia |
| 10:02 | Create | Militia |
| 10:10 | Build | House |
| 11:01 | Build | House |
| 11:02 | Build | House |
| 11:05 | Build | House |
| 11:17 | Research | Feudal Age |
| 11:18 | Research | Loom |
| 12:24 | Build | Outpost |
| 12:36 | Build | Lumber Camp |
| 13:27 | Age | Feudal Age |
| 13:31 | Create | Villager (Male) |
| 13:32 | Create | Villager (Male) |
| 13:32 | Create | Villager (Male) |
| 13:33 | Create | Villager (Male) |
| 13:42 | Build | Lumber Camp |
| 14:24 | Build | Farm |
| 14:25 | Build | Farm |
| 14:25 | Build | Farm |
| 14:26 | Build | Farm |
| 14:27 | Build | Farm |
| 14:27 | Build | Farm |
| 14:32 | Research | Double-Bit Axe |
| 14:35 | Research | Horse Collar |
| 15:16 | Create | Villager (Male) |
| 15:17 | Create | Villager (Male) |
| 15:36 | Build | Farm |
| 15:36 | Build | Farm |
| 15:37 | Build | Farm |
| 16:07 | Build | Blacksmith |
| 16:22 | Build | Market |
| 16:39 | Create | Villager (Male) |
| 16:39 | Create | Villager (Male) |
| 16:40 | Create | Villager (Male) |
| 17:12 | Build | Archery Range |
| 17:22 | Build | Farm |
| 17:30 | Build | Farm |
| 17:30 | Build | Farm |
| 17:48 | Create | Villager (Male) |
| 18:08 | Research | Castle Age |
| 18:53 | Research | Gold Mining |
| 20:06 | Create | Militia |
| 20:06 | Create | Militia |
| 20:06 | Create | Militia |
| 20:07 | Create | Militia |
| 20:11 | Research | Man-at-Arms (upgrade) |
| 20:48 | Age | Castle Age |
| 20:50 | Research | Wheelbarrow |
| 21:08 | Build | Town Center |
| 21:44 | Build | Town Center |
| 21:55 | Build | Town Center |
| 22:11 | Create | Villager (Male) |
| 22:11 | Create | Villager (Male) |
| 22:12 | Create | Villager (Male) |
| 22:13 | Create | Villager (Male) |
| 22:39 | Create | Villager (Male) |
| 22:40 | Create | Villager (Male) |
| 22:40 | Create | Villager (Male) |
| 22:40 | Create | Villager (Male) |
| 22:40 | Create | Villager (Male) |
| 22:45 | Build | Farm |
| 22:48 | Build | Farm |
| 22:49 | Build | Farm |
| 22:55 | Create | Villager (Male) |
| 24:20 | Create | Fire Lancer |
| 24:21 | Create | Fire Lancer |
| 24:21 | Create | Fire Lancer |
| 24:21 | Create | Fire Lancer |
| 24:22 | Create | Fire Lancer |
| 24:23 | Create | Fire Lancer |
| 24:31 | Create | Fire Lancer |
| 24:32 | Create | Fire Lancer |
| 24:33 | Create | Fire Lancer |
| 24:42 | Build | Barracks |
| 24:55 | Build | Castle |
| 25:13 | Create | Villager (Male) |
| 25:14 | Create | Villager (Male) |
| 25:14 | Create | Villager (Male) |
| 25:14 | Create | Villager (Male) |
| 25:14 | Create | Villager (Male) |
| 25:22 | Build | Farm |
| 25:22 | Build | Farm |
| 25:23 | Build | Farm |
| 25:24 | Build | Farm |
| 25:24 | Build | Farm |
| 25:35 | Research | Heavy Plow |
| 25:38 | Research | Bow Saw |
| 25:42 | Create | Villager (Male) |
| 25:42 | Create | Villager (Male) |
| 25:43 | Create | Villager (Male) |
| 25:43 | Create | Villager (Male) |
| 25:43 | Create | Villager (Male) |
| 25:43 | Create | Villager (Male) |
| 26:24 | Build | Barracks |
| 26:27 | Build | Barracks |
| 27:06 | Research | Thumb Ring |
| 27:29 | Create | Villager (Male) |
| 27:30 | Create | Villager (Male) |
| 27:30 | Create | Villager (Male) |
| 27:31 | Create | Villager (Male) |
| 27:33 | Create | Villager (Male) |
| 27:44 | Create | Villager (Male) |
| 27:44 | Create | Villager (Male) |
| 27:45 | Create | Villager (Male) |
| 27:45 | Create | Villager (Male) |
| 27:46 | Create | Villager (Male) |
| 27:49 | Build | Farm |
| 27:50 | Build | Farm |
| 27:50 | Build | Farm |
| 27:53 | Build | Farm |
| 27:54 | Build | Farm |
| 28:16 | Research | Forging |
| 28:19 | Research | Fletching |
| 28:32 | Build | University |
| 28:37 | Build | Monastery |
| 28:44 | Build | Farm |
| 28:55 | Research | Gold Shaft Mining |
| 29:05 | Create | Villager (Male) |
| 29:07 | Create | Villager (Male) |
| 29:08 | Create | Villager (Male) |
| 29:27 | Build | Siege Workshop |
Build order — LL KID CASH LL
First 150 of 573 actions detected
| 0:05 | Research | Loom |
| 0:07 | Create | Villager (Male) ×4 |
| 0:23 | Build | House |
| 0:25 | Build | House |
| 0:27 | Build | House |
| 0:28 | Build | House |
| 2:20 | Create | Villager (Male) |
| 2:32 | Create | Villager (Male) |
| 2:55 | Create | Villager (Male) |
| 3:20 | Create | Villager (Male) |
| 3:41 | Create | Villager (Male) |
| 4:10 | Create | Villager (Male) |
| 4:10 | Create | Villager (Male) |
| 4:39 | Build | Mill |
| 4:41 | Create | Villager (Male) |
| 4:52 | Create | Villager (Male) |
| 4:59 | Create | Villager (Male) |
| 5:18 | Build | Lumber Camp |
| 5:21 | Create | Villager (Male) |
| 5:21 | Create | Villager (Male) |
| 5:44 | Create | Villager (Male) |
| 7:23 | Build | Palisade Wall |
| 7:42 | Build | Palisade Gate |
| 10:28 | Research | Feudal Age |
| 11:23 | Build | Palisade Wall |
| 11:33 | Build | Palisade Wall |
| 11:52 | Build | Palisade Gate |
| 12:07 | Build | House |
| 12:09 | Build | House |
| 12:10 | Build | House |
| 12:11 | Build | House |
| 12:13 | Build | House |
| 12:14 | Build | House |
| 12:15 | Build | House |
| 12:17 | Build | House |
| 12:18 | Build | House |
| 12:21 | Build | House |
| 12:22 | Build | House |
| 12:24 | Build | House |
| 12:26 | Build | House |
| 12:27 | Build | House |
| 12:29 | Build | House |
| 12:30 | Build | House |
| 12:41 | Research | Double-Bit Axe |
| 12:44 | Research | Wheelbarrow |
| 12:45 | Research | Town Watch |
| 12:47 | Create | Villager (Male) ×4 |
| 13:08 | Create | Villager (Male) |
| 13:41 | Research | Horse Collar |
| 14:39 | Build | Watch Tower |
| 14:52 | Build | Mill |
| 14:59 | Create | Villager (Male) ×5 |
| 16:16 | Build | Mining Camp |
| 16:22 | Build | Mining Camp |
| 16:25 | Build | Mining Camp |
| 16:45 | Build | Mining Camp |
| 17:02 | Build | Mining Camp |
| 17:42 | Create | Villager (Male) ×5 |
| 17:55 | Build | Lumber Camp |
| 18:12 | Build | Lumber Camp |
| 19:25 | Build | Market |
| 19:41 | Research | Gold Mining |
| 19:42 | Research | Stone Mining |
| 19:57 | Build | Market |
| 20:12 | Build | Mill |
| 21:30 | Build | Barracks |
| 21:35 | Build | Barracks |
| 21:38 | Build | Barracks |
| 21:57 | Build | Lumber Camp |
| 22:15 | Build | Stone Wall |
| 22:20 | Build | Gate |
| 22:32 | Build | Barracks |
| 22:40 | Create | Villager (Male) ×5 |
| 23:16 | Build | Mill |
| 23:24 | Build | Barracks |
| 23:31 | Build | House |
| 23:36 | Build | House |
| 23:38 | Build | House |
| 23:40 | Build | House |
| 23:51 | Create | Villager (Male) ×5 |
| 24:05 | Build | Farm |
| 24:05 | Build | Farm |
| 24:05 | Build | Farm |
| 24:05 | Build | Farm |
| 24:05 | Build | Farm |
| 24:05 | Build | Farm |
| 24:05 | Build | Farm |
| 24:05 | Build | Farm |
| 24:05 | Build | Farm |
| 24:07 | Build | Farm |
| 24:07 | Build | Farm |
| 24:07 | Build | Farm |
| 24:07 | Build | Farm |
| 24:07 | Build | Farm |
| 24:21 | Build | Farm |
| 24:21 | Build | Farm |
| 24:21 | Build | Farm |
| 24:39 | Build | Farm |
| 24:39 | Build | Farm |
| 25:10 | Build | Farm |
| 25:15 | Research | Man-at-Arms (upgrade) |
| 25:17 | Research | Arson |
| 25:26 | Build | Watch Tower |
| 25:30 | Build | Watch Tower |
| 25:50 | Create | Militia |
| 26:01 | Build | Farm |
| 26:01 | Build | Farm |
| 26:06 | Build | Farm |
| 26:06 | Build | Farm |
| 26:06 | Build | Farm |
| 26:06 | Build | Farm |
| 26:06 | Build | Farm |
| 26:06 | Build | Farm |
| 26:06 | Build | Farm |
| 26:06 | Build | Farm |
| 26:19 | Build | Watch Tower |
| 26:47 | Build | Stone Wall |
| 26:59 | Create | Militia ×3 |
| 27:25 | Build | Stone Wall |
| 27:37 | Build | Gate |
| 28:27 | Create | Trade Cart ×5 |
| 28:28 | Create | Trade Cart |
| 28:52 | Create | Trade Cart |
| 28:52 | Create | Trade Cart |
| 29:02 | Build | Farm |
| 29:20 | Build | Farm |
| 29:20 | Build | Farm |
| 29:20 | Build | Farm |
| 29:20 | Build | Farm |
| 29:20 | Build | Farm |
| 29:20 | Build | Farm |
| 29:20 | Build | Farm |
| 29:20 | Build | Farm |
| 29:20 | Build | Farm |
| 29:20 | Build | Farm |
| 29:29 | Build | Watch Tower |
| 29:42 | Build | Farm |
| 29:42 | Build | Farm |
| 29:45 | Build | Farm |
| 29:45 | Build | Farm |
| 29:45 | Build | Farm |
| 29:45 | Build | Farm |
| 29:45 | Build | Farm |
| 29:45 | Build | Farm |
| 29:51 | Build | Farm |
| 30:12 | Build | Farm |
| 30:12 | Build | Farm |
| 30:12 | Build | Farm |
| 30:12 | Build | Farm |
| 30:13 | Build | Farm |
Build order — jungberg
First 150 of 328 actions detected
| 0:14 | Build | House |
| 0:15 | Build | House |
| 0:24 | Create | Villager (Male) ×4 |
| 0:25 | Create | Villager (Male) ×4 |
| 1:43 | Build | Palisade Wall |
| 1:59 | Create | Villager (Male) |
| 1:59 | Create | Villager (Male) |
| 2:46 | Create | Villager (Male) |
| 3:32 | Build | Palisade Wall |
| 3:58 | Build | Palisade Gate |
| 4:13 | Create | Villager (Male) ×4 |
| 4:14 | Create | Villager (Male) ×4 |
| 4:38 | Build | Palisade Wall |
| 5:17 | Build | Palisade Wall |
| 5:47 | Build | Outpost |
| 5:51 | Create | Villager (Male) ×5 |
| 5:51 | Create | Villager (Male) ×5 |
| 6:37 | Build | Palisade Wall |
| 7:01 | Create | Villager (Male) ×4 |
| 7:01 | Create | Villager (Male) ×4 |
| 7:25 | Build | House |
| 7:30 | Build | House |
| 7:31 | Build | House |
| 7:55 | Create | Villager (Male) ×3 |
| 7:56 | Create | Villager (Male) ×3 |
| 9:10 | Build | House |
| 9:11 | Build | House |
| 9:56 | Build | Lumber Camp |
| 10:21 | Create | Villager (Male) ×5 |
| 10:22 | Create | Villager (Male) ×5 |
| 10:22 | Create | Villager (Male) |
| 11:35 | Build | Mining Camp |
| 11:42 | Build | House |
| 12:29 | Create | Villager (Male) ×2 |
| 12:29 | Create | Villager (Male) ×2 |
| 12:57 | Build | Mill |
| 13:19 | Create | Villager (Male) |
| 13:20 | Create | Villager (Male) |
| 13:39 | Create | Villager (Male) |
| 14:17 | Create | Villager (Male) ×2 |
| 15:00 | Build | House |
| 15:11 | Build | Barracks |
| 15:59 | Build | Palisade Wall |
| 16:49 | Research | Feudal Age |
| 16:52 | Create | Villager (Male) |
| 16:52 | Create | Villager (Male) |
| 17:27 | Build | House |
| 17:30 | Build | House |
| 17:34 | Build | House |
| 17:35 | Build | House |
| 17:37 | Build | House |
| 17:37 | Build | House |
| 17:41 | Build | House |
| 17:42 | Build | House |
| 17:44 | Build | House |
| 17:45 | Build | House |
| 17:49 | Build | House |
| 18:06 | Build | Farm |
| 18:07 | Build | Farm |
| 18:08 | Build | Farm |
| 18:09 | Build | Farm |
| 18:11 | Build | Farm |
| 18:12 | Build | Farm |
| 18:13 | Build | Farm |
| 18:16 | Build | Farm |
| 18:18 | Build | Farm |
| 18:22 | Build | Farm |
| 18:22 | Build | Farm |
| 18:26 | Build | Farm |
| 18:29 | Build | Farm |
| 18:30 | Build | Farm |
| 18:38 | Build | Farm |
| 18:44 | Create | Militia ×5 |
| 19:00 | Age | Feudal Age |
| 19:01 | Build | Barracks |
| 19:12 | Research | Man-at-Arms (upgrade) |
| 19:26 | Research | Double-Bit Axe |
| 20:02 | Research | Horse Collar |
| 20:07 | Research | Gold Mining |
| 20:26 | Build | Stone Wall |
| 20:42 | Build | Gate |
| 20:50 | Create | Militia ×5 |
| 20:50 | Create | Militia ×5 |
| 21:03 | Build | Farm |
| 21:07 | Create | Militia ×2 |
| 22:09 | Create | Militia ×5 |
| 22:10 | Create | Militia |
| 22:10 | Create | Militia |
| 22:18 | Create | Villager (Male) |
| 22:18 | Create | Villager (Male) |
| 22:33 | Build | Farm |
| 22:34 | Build | Farm |
| 22:37 | Build | Farm |
| 22:38 | Build | Farm |
| 22:39 | Build | Farm |
| 22:52 | Build | Mill |
| 23:07 | Build | Market |
| 23:14 | Build | Blacksmith |
| 23:31 | Create | Villager (Male) ×5 |
| 23:31 | Create | Villager (Male) ×5 |
| 23:31 | Create | Villager (Male) ×3 |
| 23:52 | Build | Farm |
| 24:02 | Build | Farm |
| 24:26 | Build | Farm |
| 24:32 | Build | Farm |
| 25:00 | Build | Stone Wall |
| 25:05 | Build | Gate |
| 25:38 | Build | Mining Camp |
| 25:48 | Research | Castle Age |
| 25:51 | Create | Villager (Male) ×5 |
| 25:51 | Create | Villager (Male) ×5 |
| 26:05 | Research | Stone Mining |
| 26:45 | Research | Wheelbarrow |
| 26:58 | Create | Spearman ×5 |
| 26:58 | Create | Spearman ×5 |
| 26:58 | Create | Spearman ×4 |
| 27:55 | Create | Militia ×5 |
| 27:55 | Create | Militia ×5 |
| 28:20 | Build | Stone Wall |
| 28:41 | Age | Castle Age |
| 28:49 | Build | Stone Wall |
| 29:21 | Build | Town Center |
| 29:30 | Research | Heavy Plow |
| 29:33 | Research | Bow Saw |
| 29:41 | Research | Long Swordsman (upgrade) |
| 29:43 | Research | Pikeman (upgrade) |
| 29:43 | Research | Arson |
| 29:52 | Build | Farm |
| 29:58 | Research | Town Watch |
| 30:30 | Research | Caravan |
| 30:30 | Create | Trade Cart ×4 |
| 30:50 | Create | Villager (Male) ×5 |
| 30:56 | Build | Farm |
| 31:11 | Build | Farm |
| 31:26 | Create | Villager (Male) ×5 |
| 31:26 | Create | Villager (Male) |
| 31:58 | Build | Farm |
| 32:00 | Build | Farm |
| 32:04 | Build | Farm |
| 32:25 | Create | Villager (Male) ×5 |
| 32:26 | Create | Villager (Male) ×5 |
| 32:27 | Create | Villager (Male) ×5 |
| 32:27 | Create | Villager (Male) |
| 32:38 | Research | Town Watch |
| 32:44 | Build | Farm |
| 32:47 | Build | Farm |
| 32:49 | Build | Farm |
| 33:01 | Build | Gate |
| 33:02 | Build | Gate |
| 33:11 | Build | Farm |
Build order — def4bensemana
First 150 of 337 actions detected
| 0:04 | Research | Loom |
| 0:05 | Create | Villager (Male) |
| 0:05 | Create | Villager (Male) |
| 0:05 | Create | Villager (Male) |
| 0:05 | Create | Villager (Male) |
| 0:06 | Create | Villager (Male) |
| 0:32 | Build | House |
| 1:46 | Build | Palisade Wall |
| 2:42 | Build | Lumber Camp |
| 3:06 | Build | Palisade Gate |
| 3:30 | Create | Villager (Male) |
| 3:30 | Create | Villager (Male) |
| 4:13 | Build | Palisade Wall |
| 5:00 | Create | Villager (Male) |
| 5:00 | Create | Villager (Male) |
| 5:00 | Create | Villager (Male) |
| 5:26 | Build | Palisade Wall |
| 5:37 | Build | Palisade Wall |
| 5:48 | Build | Palisade Wall |
| 6:09 | Build | House |
| 6:11 | Build | House |
| 6:12 | Build | House |
| 6:52 | Create | Villager (Male) |
| 6:52 | Create | Villager (Male) |
| 6:53 | Create | Villager (Male) |
| 7:15 | Create | Villager (Male) |
| 7:16 | Create | Villager (Male) |
| 8:13 | Create | Villager (Male) |
| 8:13 | Create | Villager (Male) |
| 8:50 | Build | Mill |
| 8:54 | Create | Villager (Male) |
| 8:54 | Create | Villager (Male) |
| 9:39 | Create | Villager (Male) |
| 9:40 | Create | Villager (Male) |
| 10:05 | Build | Mining Camp |
| 10:09 | Create | Villager (Male) |
| 10:26 | Build | House |
| 10:27 | Build | House |
| 10:28 | Build | House |
| 10:53 | Create | Villager (Male) |
| 10:53 | Create | Villager (Male) |
| 10:53 | Create | Villager (Male) |
| 13:14 | Research | Feudal Age |
| 13:31 | Build | Dock |
| 15:06 | Create | Fishing Ship |
| 15:06 | Create | Fishing Ship |
| 15:24 | Age | Feudal Age |
| 15:30 | Research | Double-Bit Axe |
| 15:38 | Create | Villager (Male) |
| 15:38 | Create | Villager (Male) |
| 15:39 | Create | Villager (Male) |
| 15:39 | Create | Villager (Male) |
| 15:39 | Create | Villager (Male) |
| 16:03 | Build | Mill |
| 16:49 | Research | Gold Mining |
| 16:49 | Research | Stone Mining |
| 17:25 | Build | Barracks |
| 17:54 | Build | Mill |
| 18:24 | Research | Man-at-Arms (upgrade) |
| 18:44 | Build | Stone Wall |
| 18:57 | Build | Stone Wall |
| 19:11 | Create | Militia |
| 19:11 | Create | Militia |
| 19:11 | Create | Militia |
| 19:12 | Create | Militia |
| 19:12 | Create | Militia |
| 19:31 | Create | Villager (Male) |
| 19:32 | Create | Villager (Male) |
| 19:32 | Create | Villager (Male) |
| 19:32 | Create | Villager (Male) |
| 20:06 | Build | House |
| 20:06 | Build | House |
| 20:06 | Build | House |
| 20:07 | Build | House |
| 20:07 | Build | House |
| 20:07 | Build | House |
| 21:00 | Build | Stable |
| 21:52 | Build | Farm |
| 21:53 | Build | Farm |
| 21:55 | Build | Farm |
| 21:56 | Build | Farm |
| 21:57 | Build | Farm |
| 21:59 | Build | Farm |
| 22:00 | Build | Farm |
| 22:30 | Create | Militia |
| 22:30 | Create | Militia |
| 22:31 | Create | Militia |
| 22:31 | Create | Militia |
| 22:32 | Create | Militia |
| 23:35 | Create | Militia |
| 23:35 | Create | Militia |
| 23:36 | Create | Militia |
| 24:17 | Create | Militia |
| 24:17 | Create | Militia |
| 24:22 | Create | Scout Cavalry |
| 24:23 | Create | Scout Cavalry |
| 24:23 | Create | Scout Cavalry |
| 24:23 | Create | Scout Cavalry |
| 24:44 | Build | Stone Wall |
| 25:05 | Build | Archery Range |
| 26:13 | Build | Lumber Camp |
| 27:24 | Research | Tech 906 |
| 27:54 | Build | Market |
| 28:11 | Build | Farm |
| 28:12 | Build | Farm |
| 28:57 | Research | Castle Age |
| 29:05 | Create | Fishing Ship |
| 30:07 | Build | Mining Camp |
| 30:13 | Create | Villager (Male) |
| 30:13 | Create | Villager (Male) |
| 30:13 | Create | Villager (Male) |
| 30:14 | Create | Villager (Male) |
| 30:32 | Build | Stone Wall |
| 30:47 | Build | Fish Trap |
| 30:48 | Build | Fish Trap |
| 30:51 | Build | Fish Trap |
| 31:37 | Age | Castle Age |
| 31:41 | Research | Stone Shaft Mining |
| 31:49 | Research | Elite Skirmisher (upgrade) |
| 31:53 | Create | Villager (Male) |
| 31:53 | Create | Villager (Male) |
| 31:54 | Create | Villager (Male) |
| 32:06 | Build | Town Center |
| 32:10 | Research | Gillnets |
| 32:20 | Research | Bow Saw |
| 32:24 | Build | Farm |
| 32:31 | Build | Farm |
| 32:57 | Build | Farm |
| 34:07 | Build | Gate |
| 34:34 | Create | Villager (Male) |
| 34:34 | Create | Villager (Male) |
| 34:34 | Create | Villager (Male) |
| 34:35 | Create | Villager (Male) |
| 34:35 | Create | Villager (Male) |
| 34:54 | Create | Villager (Male) |
| 34:54 | Create | Villager (Male) |
| 34:54 | Create | Villager (Male) |
| 34:55 | Create | Villager (Male) |
| 35:03 | Build | Farm |
| 35:04 | Build | Farm |
| 35:06 | Build | Farm |
| 35:11 | Create | Villager (Male) |
| 35:11 | Create | Villager (Male) |
| 35:12 | Create | Villager (Male) |
| 35:20 | Build | Blacksmith |
| 35:27 | Research | Horse Collar |
| 35:35 | Build | Farm |
| 35:48 | Build | Archery Range |
| 36:04 | Build | Monastery |
| 36:24 | Research | Husbandry |
Build order — NavyBlue
First 150 of 283 actions detected
| 0:04 | Build | House |
| 0:06 | Build | House |
| 0:07 | Build | House |
| 0:08 | Create | Villager (Male) ×4 |
| 1:47 | Create | Villager (Male) |
| 2:12 | Create | Villager (Male) |
| 3:03 | Build | Palisade Wall |
| 3:40 | Create | Villager (Male) |
| 3:40 | Create | Villager (Male) |
| 4:09 | Build | Palisade Wall |
| 4:51 | Create | Villager (Male) |
| 4:51 | Create | Villager (Male) |
| 4:51 | Create | Villager (Male) |
| 5:00 | Build | Outpost |
| 5:20 | Build | Palisade Wall |
| 5:27 | Create | Villager (Male) |
| 5:27 | Create | Villager (Male) |
| 6:02 | Create | Villager (Male) |
| 6:23 | Create | Villager (Male) |
| 7:14 | Build | House |
| 7:24 | Create | Villager (Male) |
| 7:25 | Create | Villager (Male) |
| 7:40 | Build | House |
| 7:50 | Create | Villager (Male) |
| 7:50 | Create | Villager (Male) |
| 8:17 | Build | Mill |
| 8:22 | Create | Villager (Male) |
| 8:27 | Build | Lumber Camp |
| 9:09 | Create | Villager (Male) |
| 9:22 | Create | Villager (Male) |
| 10:08 | Create | Villager (Male) |
| 10:47 | Create | Villager (Male) |
| 10:53 | Create | Villager (Male) |
| 11:02 | Build | Lumber Camp |
| 11:09 | Build | Mining Camp |
| 11:17 | Create | Villager (Male) |
| 12:05 | Create | Villager (Male) |
| 12:13 | Build | House |
| 12:32 | Build | Barracks |
| 12:47 | Create | Villager (Male) |
| 13:12 | Create | Villager (Male) |
| 13:41 | Research | Feudal Age |
| 14:01 | Create | Militia ×4 |
| 14:35 | Build | Palisade Gate |
| 14:35 | Build | Palisade Gate |
| 14:57 | Build | House |
| 15:02 | Build | House |
| 15:03 | Build | House |
| 15:12 | Create | Militia |
| 15:12 | Create | Militia |
| 15:51 | Age | Feudal Age |
| 15:55 | Build | Blacksmith |
| 15:59 | Create | Villager (Male) |
| 15:59 | Create | Villager (Male) |
| 16:26 | Build | Farm |
| 16:30 | Research | Double-Bit Axe |
| 16:51 | Build | Farm |
| 16:52 | Build | Farm |
| 16:53 | Build | Farm |
| 16:54 | Build | Farm |
| 16:55 | Build | Farm |
| 16:55 | Build | Farm |
| 16:58 | Build | Farm |
| 17:10 | Research | Forging |
| 17:10 | Research | Scale Barding Armor |
| 17:12 | Research | Scale Mail Armor |
| 17:14 | Research | Man-at-Arms (upgrade) |
| 17:24 | Build | Farm |
| 17:25 | Create | Villager (Male) |
| 17:53 | Create | Militia ×3 |
| 18:00 | Build | Farm |
| 18:01 | Build | Farm |
| 18:02 | Build | Farm |
| 18:04 | Build | Farm |
| 18:05 | Build | Farm |
| 19:12 | Create | Spearman ×5 |
| 19:13 | Create | Militia ×4 |
| 19:16 | Create | Militia ×5 |
| 19:16 | Create | Militia ×3 |
| 20:36 | Create | Villager (Male) ×5 |
| 21:32 | Build | House |
| 21:32 | Build | House |
| 21:33 | Build | House |
| 21:33 | Build | House |
| 21:34 | Build | House |
| 21:40 | Build | Market |
| 22:13 | Build | House |
| 22:48 | Build | Farm |
| 22:56 | Build | Farm |
| 22:59 | Create | Villager (Male) ×5 |
| 24:06 | Build | Farm |
| 24:06 | Build | Farm |
| 24:08 | Research | Castle Age |
| 24:43 | Build | Archery Range |
| 24:44 | Build | Archery Range |
| 24:47 | Build | Stable |
| 24:48 | Build | Stable |
| 24:50 | Build | Barracks |
| 25:06 | Research | Padded Archer Armor |
| 25:07 | Research | Fletching |
| 26:11 | Create | Spearman ×5 |
| 26:14 | Create | Spearman ×5 |
| 26:50 | Age | Castle Age |
| 27:02 | Create | Skirmisher ×5 |
| 27:04 | Create | Skirmisher ×5 |
| 27:09 | Build | Town Center |
| 27:15 | Research | Horse Collar |
| 27:17 | Research | Bow Saw |
| 27:24 | Create | Villager (Male) ×5 |
| 27:41 | Research | Gold Mining |
| 28:26 | Research | Leather Archer Armor |
| 28:48 | Research | Pikeman (upgrade) |
| 29:06 | Build | Mining Camp |
| 29:12 | Research | Stone Mining |
| 29:22 | Create | Villager (Male) |
| 29:30 | Research | Elite Skirmisher (upgrade) |
| 29:50 | Build | Town Center |
| 30:00 | Build | Farm |
| 30:04 | Create | Villager (Male) |
| 30:04 | Create | Villager (Male) |
| 30:07 | Research | Wheelbarrow |
| 30:34 | Build | Farm |
| 30:58 | Build | Farm |
| 31:02 | Create | Villager (Male) |
| 31:12 | Research | Heavy Plow |
| 31:24 | Build | Town Center |
| 31:32 | Create | Villager (Male) ×5 |
| 31:41 | Build | Farm |
| 31:58 | Research | Squires |
| 32:03 | Research | Chain Mail Armor |
| 32:30 | Create | Villager (Male) |
| 32:56 | Create | Villager (Male) ×5 |
| 33:07 | Create | Villager (Male) ×4 |
| 33:28 | Build | Farm |
| 33:44 | Build | Siege Workshop |
| 33:53 | Build | Farm |
| 34:11 | Research | Bodkin Arrow |
| 34:12 | Research | Iron Casting |
| 34:16 | Build | Farm |
| 34:25 | Build | Farm |
| 34:40 | Build | Farm |
| 34:46 | Create | Mangonel |
| 34:46 | Create | Mangonel |
| 35:07 | Build | Town Center |
| 35:13 | Build | House |
| 35:14 | Build | House |
| 35:15 | Build | House |
| 35:16 | Build | House |
| 35:16 | Build | House |
| 35:18 | Build | House |
Build order — nes;*
First 150 of 375 actions detected
| 0:05 | Build | House |
| 0:06 | Build | House |
| 0:13 | Create | Villager (Male) |
| 0:13 | Create | Villager (Male) |
| 0:13 | Create | Villager (Male) |
| 0:14 | Create | Villager (Male) |
| 1:01 | Build | Palisade Wall |
| 1:41 | Create | Villager (Male) |
| 2:53 | Create | Villager (Male) |
| 4:32 | Build | Mill |
| 4:33 | Create | Villager (Male) |
| 4:33 | Create | Villager (Male) |
| 4:34 | Create | Villager (Male) |
| 4:34 | Create | Villager (Male) |
| 4:35 | Create | Villager (Male) |
| 5:02 | Create | Villager (Male) |
| 6:31 | Create | Villager (Male) |
| 6:32 | Create | Villager (Male) |
| 6:33 | Create | Villager (Male) |
| 6:43 | Build | House |
| 6:53 | Create | Villager (Male) |
| 7:25 | Build | Lumber Camp |
| 8:41 | Create | Villager (Male) |
| 9:09 | Create | Villager (Male) |
| 9:36 | Research | Feudal Age |
| 9:50 | Build | Farm |
| 10:12 | Build | Barracks |
| 10:58 | Build | Mining Camp |
| 11:17 | Create | Villager (Male) |
| 11:18 | Create | Villager (Male) |
| 11:22 | Build | House |
| 11:31 | Build | Farm |
| 11:46 | Age | Feudal Age |
| 12:18 | Build | Farm |
| 12:25 | Build | Farm |
| 12:38 | Build | House |
| 12:47 | Research | Horse Collar |
| 13:02 | Create | Villager (Male) |
| 13:14 | Build | Farm |
| 13:24 | Build | Farm |
| 13:30 | Create | Villager (Male) |
| 13:39 | Build | Farm |
| 13:55 | Build | Farm |
| 14:02 | Create | Villager (Male) |
| 14:09 | Build | Farm |
| 14:26 | Create | Villager (Male) |
| 14:36 | Build | Blacksmith |
| 14:54 | Build | Archery Range |
| 15:01 | Build | Farm |
| 15:09 | Research | Double-Bit Axe |
| 15:17 | Create | Villager (Male) |
| 15:36 | Build | House |
| 15:42 | Create | Villager (Male) |
| 16:25 | Build | Palisade Wall |
| 16:30 | Create | Archer |
| 16:30 | Create | Archer |
| 16:30 | Create | Archer |
| 16:31 | Create | Archer |
| 16:31 | Create | Archer |
| 16:31 | Create | Archer |
| 16:31 | Create | Archer |
| 16:32 | Create | Archer |
| 16:32 | Create | Archer |
| 16:32 | Create | Archer |
| 16:32 | Create | Archer |
| 16:41 | Research | Wheelbarrow |
| 16:43 | Create | Villager (Male) |
| 16:43 | Create | Villager (Male) |
| 16:43 | Create | Villager (Male) |
| 17:03 | Research | Padded Archer Armor |
| 17:33 | Research | Fletching |
| 17:45 | Build | Watch Tower |
| 20:05 | Research | Man-at-Arms (upgrade) |
| 20:52 | Research | Scale Mail Armor |
| 20:53 | Research | Forging |
| 20:56 | Create | Militia |
| 20:56 | Create | Militia |
| 20:57 | Create | Militia |
| 20:57 | Create | Militia |
| 20:57 | Create | Militia |
| 20:57 | Create | Militia |
| 21:08 | Create | Archer |
| 21:10 | Create | Archer |
| 21:13 | Create | Villager (Male) |
| 21:14 | Create | Villager (Male) |
| 21:14 | Create | Villager (Male) |
| 22:01 | Build | House |
| 22:03 | Build | House |
| 22:04 | Build | House |
| 22:06 | Build | House |
| 22:06 | Build | House |
| 22:08 | Build | House |
| 22:09 | Build | House |
| 22:11 | Build | House |
| 22:13 | Build | House |
| 22:15 | Build | House |
| 22:17 | Build | House |
| 22:22 | Build | House |
| 22:24 | Build | House |
| 22:28 | Build | House |
| 22:55 | Build | Farm |
| 22:58 | Create | Villager (Male) |
| 22:59 | Create | Villager (Male) |
| 22:59 | Create | Villager (Male) |
| 23:00 | Create | Villager (Male) |
| 23:08 | Research | Arson |
| 23:52 | Create | Archer |
| 23:52 | Create | Archer |
| 23:53 | Create | Archer |
| 23:53 | Create | Archer |
| 24:00 | Create | Militia |
| 24:01 | Create | Militia |
| 24:01 | Create | Militia |
| 24:01 | Create | Militia |
| 24:42 | Build | Farm |
| 24:44 | Build | Farm |
| 24:47 | Build | Farm |
| 24:55 | Create | Archer |
| 24:56 | Create | Archer |
| 25:00 | Create | Militia |
| 25:05 | Create | Villager (Male) |
| 25:05 | Create | Villager (Male) |
| 25:06 | Create | Villager (Male) |
| 25:07 | Create | Villager (Male) |
| 26:05 | Build | Farm |
| 26:13 | Create | Villager (Male) |
| 26:14 | Create | Villager (Male) |
| 27:00 | Build | Farm |
| 27:44 | Build | Market |
| 28:08 | Research | Castle Age |
| 28:49 | Create | Skirmisher |
| 28:50 | Create | Skirmisher |
| 28:50 | Create | Skirmisher |
| 28:50 | Create | Skirmisher |
| 28:51 | Create | Skirmisher |
| 28:53 | Create | Skirmisher |
| 28:53 | Create | Skirmisher |
| 29:19 | Build | Mining Camp |
| 29:25 | Research | Gold Mining |
| 29:33 | Research | Loom |
| 29:38 | Research | Town Watch |
| 30:02 | Create | Trade Cart |
| 30:03 | Create | Trade Cart |
| 30:05 | Create | Trade Cart |
| 30:22 | Create | Skirmisher |
| 30:22 | Create | Skirmisher |
| 30:23 | Create | Skirmisher |
| 30:23 | Create | Skirmisher |
| 30:40 | Create | Villager (Male) |
| 30:41 | Create | Villager (Male) |
Match timeline
| 1:01 | nes;* · wall_segment Palisade Wall x11 |
| 1:43 | jungberg · wall_segment Palisade Wall x17 |
| 1:45 | aamerhussain.hr · wall_segment Palisade Wall x10 |
| 1:46 | def4bensemana · wall_segment Palisade Wall x17 |
| 3:03 | NavyBlue · wall_segment Palisade Wall x7 |
| 3:07 | aamerhussain.hr · wall_segment Palisade Wall x11 |
| 3:32 | jungberg · wall_segment Palisade Wall x16 |
| 4:09 | NavyBlue · wall_segment Palisade Wall x7 |
| 4:13 | def4bensemana · wall_segment Palisade Wall x11 |
| 4:38 | jungberg · wall_segment Palisade Wall x6 |
| 5:17 | jungberg · wall_segment Palisade Wall x15 |
| 5:20 | NavyBlue · wall_segment Palisade Wall x6 |
| 5:26 | def4bensemana · wall_segment Palisade Wall x10 |
| 5:37 | def4bensemana · wall_segment Palisade Wall x5 |
| 5:48 | def4bensemana · wall_segment Palisade Wall x5 |
| 6:37 | jungberg · wall_segment Palisade Wall x7 |
| 7:12 | Achilles · first_building Barracks |
| 7:23 | LL KID CASH LL · wall_segment Palisade Wall x10 |
| 10:12 | nes;* · first_building Barracks |
| 11:23 | LL KID CASH LL · wall_segment Palisade Wall x12 |
| 11:30 | aamerhussain.hr · wall_segment Palisade Wall x9 |
| 11:33 | LL KID CASH LL · wall_segment Palisade Wall x6 |
| 11:46 | nes;* · age_up feudal |
| 12:32 | NavyBlue · first_building Barracks |
| 13:27 | Achilles · age_up feudal |
| 13:31 | def4bensemana · first_building Dock |
| 14:54 | nes;* · first_building Archery Range |
| 15:11 | jungberg · first_building Barracks |
| 15:24 | def4bensemana · age_up feudal |
| 15:51 | NavyBlue · age_up feudal |
| 15:59 | jungberg · wall_segment Palisade Wall x13 |
| 16:25 | nes;* · wall_segment Palisade Wall x5 |
| 16:52 | GULF · first_building Barracks |
| 17:10 | aamerhussain.hr · age_up feudal |
| 17:12 | Achilles · first_building Archery Range |
| 17:25 | def4bensemana · first_building Barracks |
| 18:03 | aamerhussain.hr · wall_segment Stone Wall x15 |
| 18:03 | Achilles · first_market_buy 100 food |
| 18:17 | aamerhussain.hr · wall_segment Stone Wall x11 |
| 18:31 | aamerhussain.hr · wall_segment Stone Wall x17 |
| 18:44 | def4bensemana · wall_segment Stone Wall x8 |
| 18:50 | aamerhussain.hr · wall_segment Stone Wall x17 |
| 18:57 | def4bensemana · wall_segment Stone Wall x11 |
| 19:00 | jungberg · age_up feudal |
| 19:59 | GULF · age_up feudal |
| 20:26 | jungberg · wall_segment Stone Wall x17 |
| 20:27 | GULF · first_building Stable |
| 20:48 | Achilles · age_up castle |
| 21:00 | def4bensemana · first_building Stable |
| 21:30 | LL KID CASH LL · first_building Barracks |
| 22:15 | LL KID CASH LL · wall_segment Stone Wall x14 |
| 24:43 | NavyBlue · first_building Archery Range |
| 24:44 | def4bensemana · wall_segment Stone Wall x14 |
| 24:47 | NavyBlue · first_building Stable |
| 24:55 | Achilles · first_building Castle |
| 25:00 | jungberg · wall_segment Stone Wall x22 |
| 25:05 | def4bensemana · first_building Archery Range |
| 26:40 | GULF · age_up castle |
| 26:47 | LL KID CASH LL · wall_segment Stone Wall x14 |
| 26:50 | NavyBlue · age_up castle |
| 26:54 | aamerhussain.hr · wall_segment Stone Wall x19 |
| 27:08 | aamerhussain.hr · wall_segment Stone Wall x34 |
| 27:25 | LL KID CASH LL · wall_segment Stone Wall x7 |
| 28:08 | aamerhussain.hr · first_building Barracks |
| 28:20 | jungberg · wall_segment Stone Wall x16 |
| 28:37 | Achilles · first_building Monastery |
| 28:41 | jungberg · age_up castle |
| 28:49 | jungberg · wall_segment Stone Wall x16 |
| 28:53 | def4bensemana · first_market_buy 100 food |
| 28:56 | LL KID CASH LL · first_market_buy 100 wood |
| 29:22 | aamerhussain.hr · wall_segment Stone Wall x2 |
| 29:27 | Achilles · first_building Siege Workshop |
| 30:08 | GULF · first_building Monastery |
| 30:32 | def4bensemana · wall_segment Stone Wall x17 |
| 30:48 | nes;* · age_up castle |
| 30:50 | aamerhussain.hr · wall_segment Stone Wall x11 |
| 31:06 | jungberg · first_market_buy 100 wood |
| 31:18 | aamerhussain.hr · first_building Stable |
| 31:37 | def4bensemana · age_up castle |
| 31:49 | jungberg · first_market_sell 100 food |
| 33:44 | NavyBlue · first_building Siege Workshop |
| 35:16 | GULF · first_building Krepost |
| 35:27 | aamerhussain.hr · age_up castle |
| 36:04 | def4bensemana · first_building Monastery |
| 36:30 | Achilles · age_up imperial |
| 37:18 | def4bensemana · first_building Siege Workshop |
| 37:38 | def4bensemana · first_building Castle |
| 38:36 | nes;* · first_building Monastery |
| 38:37 | LL KID CASH LL · first_building Monastery |
| 38:46 | GULF · age_up imperial |
| 38:53 | aamerhussain.hr · first_building Castle |
| 38:59 | jungberg · first_building Castle |
| 39:21 | NavyBlue · first_building Castle |
| 39:30 | NavyBlue · first_building Monastery |
| 40:05 | LL KID CASH LL · first_building Castle |
| 41:29 | nes;* · first_building Castle |
| 42:24 | GULF · first_building Castle |
| 43:02 | aamerhussain.hr · first_building Siege Workshop |
| 43:03 | jungberg · first_building Monastery |
| 43:17 | nes;* · first_building Siege Workshop |
| 43:25 | def4bensemana · wall_segment Stone Wall x12 |
| 43:36 | nes;* · first_market_buy 100 food |
| 43:54 | jungberg · age_up imperial |
| 44:18 | GULF · wall_segment Stone Wall x14 |
| 44:28 | aamerhussain.hr · age_up imperial |
| 44:52 | NavyBlue · age_up imperial |
| 44:59 | def4bensemana · age_up imperial |
| 45:25 | NavyBlue · wall_segment Palisade Wall x4 |
| 45:25 | NavyBlue · wall_segment Palisade Wall x1 |
| 47:26 | nes;* · age_up imperial |
| 53:55 | jungberg · first_building Stable |
| 55:56 | def4bensemana · resign |
| 56:51 | nes;* · first_market_sell 500 wood |
| 57:10 | GULF · wall_segment Stone Wall x11 |
| 57:20 | GULF · wall_segment Stone Wall x13 |
| 57:44 | aamerhussain.hr · tribute_sent a jugador 1 |
| 57:44 | aamerhussain.hr · tribute_sent a jugador 2 |
| 57:44 | aamerhussain.hr · tribute_sent a jugador 3 |
| 57:44 | aamerhussain.hr · tribute_sent a jugador 4 |
| 57:44 | aamerhussain.hr · tribute_sent a jugador 5 |
| 57:44 | aamerhussain.hr · tribute_sent a jugador 6 |
| 57:44 | aamerhussain.hr · tribute_sent a jugador 7 |
| 59:44 | aamerhussain.hr · first_market_buy 100 stone |
| 63:16 | LL KID CASH LL · first_market_sell 500 food |
[ AI ANALYSIS · 1 CREDIT ]
What really happened in this match?
Wolo.gg analyzes every decision: build order, eco, micro, common mistakes by bracket. Personalized analysis on WhatsApp or Discord in 30 seconds.
Civ guide
Portuguese
Perfil
Jugador #20556725